 Dungeon Crawl Stone Soup version 0.16.2-2-g470672f (webtiles) character file.

247 monobi the Insei (level 6, 0/42 HPs)
             Began as an Octopode Monk on Sept 3, 2015.
             Succumbed to a scorpion's poison
             ... on level 4 of the Dungeon on Sept 4, 2015.
             The game lasted 00:05:58 (3244 turns).

monobi the Insei (Octopode Monk)                    Turns: 3244, Time: 00:05:58

Health: 0/42       AC:  1    Str: 16    XL:     6   Next: 11%
Magic:  6/6        EV: 14    Int: 17    God:
Gold:   252        SH:  0    Dex: 16    Spells: 0 memorised, 5 levels left

rFire  . . .     SeeInvis .       - Unarmed
rCold  + . .     Clarity  .     (no shield)
rNeg   . . .     SustAb   +     (helmet restricted)
rPois  +         Gourm    +     h - amulet of the gourmand
rElec  .         Spirit   .     e - ring of sustain abilities
rCorr  .         Warding  .     l - ring of protection from fire
rMut   .         Stasis   .     n - ring of ice
MR     .....                    (no ring)
Stlth  ++++......               (no ring)
                                (no ring)
                                (no ring)
                                (no ring)

@: mighty, brilliant, lethally poisoned (0 -> -10), not resistant to hostile
enchantments, stealthy
A: almost no armour, amphibious, 8 rings, constrict 8, camouflage 1, poison
resistance, gelatinous body 1
a: no special abilities


You were on level 4 of the Dungeon.
You were near starving.

You visited 1 branch of the dungeon, and saw 4 of its levels.

You collected 252 gold pieces.

Inventory:

Hand weapons
 j - a +2 antimagic dagger
 v - a +2 whip of electrocution
Jewellery
 e - a ring of sustain abilities (left tentacle)
 h - an amulet of the gourmand (around mantle)
 l - a ring of protection from fire (right tentacle)
 n - a ring of ice (on tentacle)
Magical devices
 t - a wand of flame (0)
Scrolls
 c - 2 scrolls of fog
 i - a scroll of identify
Potions
 d - a potion of restore abilities {unknown}
 f - 2 potions of mutation
Comestibles
 b - 2 bread rations
 g - 3 fruits
 o - 3 slices of pizza


   Skills:
 + Level 3.6 Fighting
 + Level 4.0 Dodging
 * Level 4.7 Stealth
 * Level 5.6 Unarmed Combat


You had 5 spell levels left.
You didn't know any spells.

Dungeon Overview and Level Annotations

Branches:
Dungeon (4/15)             Temple (0/1) D:4

Altars:
Elyvilon
Makhleb
Qazlal
Vehumet
Xom


Innate Abilities, Weirdness & Mutations

You cannot wear most types of armour.
You are amphibious.
You can wear up to eight rings at the same time.
You can use your tentacles to constrict many enemies at once.
Your skin changes colour to match your surroundings (Stealth).
Your rubbery body absorbs attacks (AC +1).
Your system is resistant to poisons.


Message History

You feel sick.
Drink which item? (? for menu, Esc to quit)
It was a potion of cure mutation.
It has a very clean taste.
* * * LOW HITPOINT WARNING * * *
You feel sick.
Drink which item? (? for menu, Esc to quit)
It was a potion of mutation.
You feel extremely strange.
You feel resistant to poisons.
Your connection to magic feels subdued.
Your magic regains its normal vibrancy.
* * * LOW HITPOINT WARNING * * *
You feel sick.
Drink which item? (? for menu, Esc to quit)
It was a potion of might.
You feel very mighty all of a sudden.
* * * LOW HITPOINT WARNING * * *
You feel sick.
Drink which item? (? for menu, Esc to quit)
It was a potion of brilliance.
You feel clever all of a sudden.
You die...

..# # ..########.
........... .
.....####..## ..# ######
#...# #..# ## #..##
##...# .####
#..####.....##
....#######....<.†.....##
................@........
.............###.....##..
.............# ##...##
.......#.....# ...#
......(##....# ..##
#.............# .##
##.......[...... .#
#..........##.. ##
##.......### #


There were no monsters in sight!

Vanquished Creatures
  A scorpion (D:4)
  A crimson imp (D:3)
  A worker ant (D:4)
  Ijyb (D:4)
  Jessica (D:2)
  2 adders
  2 worms (D:3)
  An ooze (D:2)
  8 orcs
  7 bats
  7 goblins
  4 hobgoblins
  10 kobolds
  A quokka (D:2)
  2 ball pythons
  3 giant cockroaches
  4 giant geckos
  3 giant newts
  4 rats
63 creatures vanquished.

Notes
Turn   | Place    | Note
--------------------------------------------------------------
     0 | D:1      | monobi, the Octopode Monk, began the quest for the Orb.
     0 | D:1      | Reached XP level 1. HP: 16/16 MP: 1/1
   181 | D:1      | Reached XP level 2. HP: 21/21 MP: 2/2
   943 | D:1      | Reached XP level 3. HP: 21/26 MP: 3/3
  1606 | D:2      | Noticed Jessica
  1614 | D:2      | Killed Jessica
  1693 | D:3      | Reached XP level 4. HP: 21/31 MP: 4/4
  2018 | D:3      | Reached skill level 5 in Unarmed Combat
  2036 | D:3      | Found a white marble altar of Elyvilon.
  2036 | D:3      | Found a stormy altar of Qazlal.
  2037 | D:3      | Found a shimmering altar of Xom.
  2192 | D:3      | Found a burning altar of Makhleb.
  2193 | D:3      | Found a radiant altar of Vehumet.
  2203 | D:3      | Reached XP level 5. HP: 19/36 MP: 5/5
  2882 | D:4      | Noticed Ijyb
  2892 | D:4      | Killed Ijyb
  2894 | D:4      | Found a staircase to the Ecumenical Temple.
  3240 | D:4      | Reached XP level 6. HP: 4/42 MP: 6/6
  3241 | D:4      | HP: 2/42 [poisoned by a scorpion]
  3242 | D:4      | Gained mutation: Your system is resistant to poisons. [potion of mutation]
  3242 | D:4      | Gained mutation: Your spells are a little easier to cast, but a little less powerful. [potion of mutation]
  3242 | D:4      | Lost mutation: Your spells are a little easier to cast, but a little less powerful. [potion of mutation]
  3244 | D:4      | Succumbed to a scorpion's poison

Action                   |  1- 3 |  4- 6 || total
-------------------------+-------+-------++-------
Melee: Unarmed           |    61 |    95 ||   156
  Use: Scroll            |       |    10 ||    10
       Potion            |       |     4 ||     4
 Stab: Sleeping          |     8 |     8 ||    16
  Eat: Bread ration      |     1 |       ||     1
       Chunk             |     1 |       ||     1
